 Dungeon Crawl Stone Soup version 0.29-a0-340-g6efceafd81 (webtiles) character file.

Game seed: 2169632096737153596

225 HendSelp the Skirmisher (level 6, -30/44 HPs)
             Began as an Octopode Fighter on Apr 19, 2022.
             Annihilated by an ogre
             ... wielding a +0 giant spiked club
              (36 damage)
             ... on level 4 of the Dungeon.
             The game lasted 00:03:43 (3580 turns).

HendSelp the Skirmisher (Octopode Fighter)          Turns: 3580, Time: 00:03:46

Health: -30/44     AC:  1    Str: 15    XL:     6   Next: 1%
Magic:  6/6        EV: 13    Int: 11    God:
Gold:   147        SH:  5    Dex: 13    Spells: 5/5 levels left

rFire   . . .      SeeInvis .   a - +0 rapier
rCold   + . .      Faith    .   b - +0 buckler
rNeg    . . .      Spirit   .   (helmet restricted)
rPois   .          Reflect  .   (no amulet)
rElec   .          Harm     .   (no ring)
rCorr   .          Rampage  .   (no ring)
Will    .....                   (no ring)
Stlth   ++........              (no ring)
HPRegen 0.14/turn               (no ring)
MPRegen 0.10/turn               (no ring)
                                (no ring)
                                (no ring)

@: no status effects
A: almost no armour, amphibious, 8 rings, camouflage 1, gelatinous body 1,
(nimble swimmer 1), tentacles, cold resistance 1, sense surroundings 1
a: no special abilities


You were on level 4 of the Dungeon.
You visited 1 branch of the dungeon, and saw 4 of its levels.

You collected 147 gold pieces.

Inventory:

Hand Weapons
 a - a +0 rapier (weapon)
Armour
 b - a +0 buckler (worn)
Scrolls
 f - a scroll of teleportation
Potions
 c - a potion of might
 d - a potion of cancellation
 e - 2 potions of mutation
 i - a potion of attraction {unknown}


   Skills:
 * Level 4.3 Fighting
 * Level 4.0 Short Blades
 - Level 3.0 Dodging
 * Level 4.2 Shields


You had 5 spell levels left.
You didn't know any spells.
Your spell library contained the following spells:

 Spells                   Type           Power      Damage    Failure   Level
 Blink                    Tloc           0%         N/A       56%         2
 Stone Arrow              Conj/Erth      0%         3d7       80%         3
 Manifold Assault         Tloc           0%         N/A       100%        5
 Storm Form               Tmut/Air       0%         N/A       100%        7
 Lehudib's Crystal Spear  Conj/Erth      0%         10d2      100%        8
 Animate Armour           Summ/Erth      Unusable   N/A       N/A         4

Dungeon Overview and Level Annotations

Branches:
Dungeon (4/15)
 Temple: D:4-7

Altars:
Sif Muna

Shops:
D:2 (


Innate Abilities, Weirdness & Mutations

You cannot wear most types of armour.
You are amphibious.
You can wear up to eight rings at the same time.
Your skin changes colour to match your surroundings (Stealth+).
Your rubbery body absorbs attacks. (AC +1, EV +1)
((You are camouflaged when in or above water. (Stealth+)))
You have tentacles for arms and can constrict up to eight enemies at once.
Your flesh is cold resistant. (rC+)
You passively map a small area around you.


Message History

Things that are here:
a +0 club; an orc corpse No target in view!
You see here a hobgoblin corpse.
You see here a +0 leather armour.
A goblin comes into view. It is wielding a +0 dagger.
A goblin is nearby!
A goblin is nearby!
An ogre comes into view. It is wielding a +0 giant spiked club.
The ogre shouts!
The goblin shouts!
You puncture the ogre!
The ogre is moderately wounded.
You hear a loud, deep croak!
A bullfrog comes into view.
The goblin hits you with a +0 dagger.
The ogre hits you with a +0 giant spiked club!
You hear a shout!
You hear a loud, deep croak!
Unknown command.
Unknown command.
You barely miss the ogre.
The ogre is moderately wounded.
The goblin barely misses you.
Unknown command.
You hit the ogre.
The ogre is moderately wounded.
The ogre hits you with a +0 giant spiked club!!
* * * LOW HITPOINT WARNING * * *
You block the goblin's attack.
A kobold comes into view. It is wielding a +0 short sword.
Unknown command.
Unknown command.
Really wriggle into that dispersal trap?
The goblin attacks as you move away! The goblin completely misses you.
You enter a dispersal trap!
The ogre blinks!
The bullfrog blinks!
The goblin blinks!
The kobold blinks!
The ogre blinks! x3; You blink.
An endoplasm comes into view.
The ogre hits you with a +0 giant spiked club!!!
Ouch! That really hurt!
You die...

* .J### , .,
...## * , * #..#
..≈.## ,
#..##≈...# ,
#..#...≈#
,#.8#.≈≈.# *≈ ⌠
#$§.≈O..# >
≈#..#≈@§.# **
,#.8#.≈≈.# , ,
##......≈# ,,*
##.g##≈...#
#§.####..##.[≈.##
#..F§.§##....##
###.§###)†.###
..####^..###
........##


You could see an ogre, an endoplasm (asleep) and a goblin.

Vanquished Creatures
  Crazy Yiuf (D:3)
  Jessica (D:3)
  An iguana (D:3)
  Robin (D:3)
  5 adders
  2 worms (D:2)
  2 dart slugs
  2 orcs
  9 ball pythons
  5 bats
  8 endoplasms
  A giant cockroach (D:2)
  7 hobgoblins
  A jackal (D:1)
  5 kobolds
  4 quokkas
  3 frilled lizards
  13 goblins
  6 rats
77 creatures vanquished.

Notes
Turn   | Place    | Note
-------+----------+-------------------------------------------
     0 | D:1      | HendSelp the Octopode Fighter began the quest for the Orb.
     0 | D:1      | Reached XP level 1. HP: 16/16 MP: 1/1
   105 | D:1      | Found a faded altar of an unknown god.
   209 | D:1      | Reached XP level 2. HP: 19/21 MP: 2/2
   922 | D:2      | Reached XP level 3. HP: 26/26 MP: 3/3
  1248 | D:2      | Reached XP level 4. HP: 22/33 MP: 4/4
  1258 | D:2      | Gained mutation: Your flesh is cold resistant. (rC+)
                  | [potion of mutation]
  1258 | D:2      | Gained mutation: You are clumsy. (Dex -2) [potion of
                  | mutation]
  1258 | D:2      | Lost mutation: You are clumsy. (Dex -2) [potion of
                  | mutation]
  1258 | D:2      | Gained mutation: You passively map a small area around you.
                  | [potion of mutation]
  1303 | D:2      | Found Unlasim's Weapon Boutique.
  1511 | D:2      | Found a shimmering blue altar of Sif Muna.
  1779 | D:3      | Found a runed translucent door.
  1780 | D:3      | Noticed Crazy Yiuf
  1992 | D:3      | Noticed Jessica
  1998 | D:3      | Killed Jessica
  1999 | D:3      | Reached XP level 5. HP: 28/37 MP: 5/5
  2207 | D:3      | Noticed Robin
  2225 | D:3      | Killed Robin
  3216 | D:3      | HP: 1/37 [Crazy Yiuf/+4 quarterstaff of chaos (16)]
  3217 | D:3      | Killed Crazy Yiuf
  3555 | D:4      | Reached XP level 6. HP: 42/44 MP: 6/6
  3580 | D:4      | Annihilated by an ogre

Illustrated notes

Levels and vault maps discovered:
D:1:      scummos_arrival_gate, layout_basic, chequers_ecumenical_altar_lobes,
          minmay_misc_feat_square, minmay_heptomino_h4
D:2:      layout_basic, basic_altar, serial_shops,
          nicolae_shop_advertising_works [nicolae_subvault_shop_adworks],
          moated_statue
D:3:      layout_basic, uniq_robin, uniq_jessica, uniq_crazy_yiuf_cottage
D:4:      layout_rooms, elyvilon_altar_5, serial_shops, nicolae_shop_crystal,
          dreamdust_mushroom_princess, serial_park_tiny_1, hangedman_decor_push,
          nzn_random_ring

Skill      XL: |  1  2  3  4  5 |
---------------+----------------+-----
Short Blades   | 3 4 |  4.0
Fighting       | 4 |  4.3
Shields        | 4 |  4.2
Dodging        | |  3.0

Action                   |  1- 3 |  4- 6 || total
-------------------------+-------+-------++-------
Melee: Rapier            |    63 |    77 ||   140
       Constrict         |    15 |    21 ||    36
       Tentacles         |    10 |    24 ||    34
  Use: Scroll            |       |     5 ||     5
       Potion            |       |     4 ||     4
 Stab: Sleeping          |    11 |     5 ||    16
       Distracted        |     1 |       ||     1
Armor: Skin              |    10 |     2 ||    12
Dodge: Dodged            |    32 |    70 ||   102
Block: Buckler           |    16 |    27 ||    43

Table legend: (Time is in decaauts)
 A = Elapsed time spent in this place.
 B = Non-inter-level travel time spent in this place.
 C = Inter-level travel time spent in this place.
 D = Time resting spent in this place.
 E = Time spent auto-exploring this place.
 F = Levels seen in this place.
 G = Mean time per level.
                   A        B        C        D        E       F      G
               +--------+--------+--------+--------+--------+-----+--------+
         Total |   3593 |   3545 |     48 |    295 |   2814 |   4 |  898.2 |
       Dungeon |   3593 |   3545 |     48 |    295 |   2814 |   4 |  898.2 |
               +--------+--------+--------+--------+--------+-----+--------+

Top non-repeatable levels by time:
     D:3: 1916 daAuts
     D:1: 906 daAuts
     D:2: 729 daAuts
     D:4: 41 daAuts
